 Dungeon Crawl Stone Soup version 0.27.1-1-g398f81649c (webtiles) character file.

Game seed: 5471570325954576936

7039 H0rd4k the Martial Artist (level 11, -4/80 HPs)
             Began as an Octopode Transmuter on Sept 9, 2021.
             Was an Initiate of Gozag.
             Slain by a seven-headed hydra (11 damage)
             ... on level 1 of the Lair of Beasts.
             The game lasted 00:15:25 (13456 turns).

H0rd4k the Martial Artist (Octopode Transmuter)    Turns: 13456, Time: 00:15:26

Health: -4/80      AC:  7    Str: 10    XL:     11   Next: 9%
Magic:  19/20      EV: 16    Int: 19    God:    Gozag
Gold:   1232       SH:  0    Dex: 12    Spells: 14/22 levels left

rFire    x . .     SeeInvis .     - Unarmed
rCold    + + +     Faith    .   (shield currently unavailable)
rNeg     . . .     Spirit   .   (helmet currently unavailable)
rPois    +         Reflect  .   (no amulet)
rElec    .         Harm     .   h - +4 ring of evasion
rCorr    .         Rampage  .   (no ring)
Will     .....                  (no ring)
Stlth    +.........             (no ring)
HPRegen  0.23/turn              (no ring)
MPRegen  0.17/turn              (no ring)
                                (no ring)
                                (no ring)

@: ice-form, unable to read
A: freezing attack, boosted hp, almost no armour, amphibious, 8 rings, large,
(camouflage 1), (gelatinous body 1), (nimble swimmer 1), (tentacles), inability
to read while threatened
a: End Transformation, Renounce Religion, Potion Petition, Call Merchant, Bribe
Branch


You were on level 1 of the Lair of Beasts.
You worshipped Gozag.
Gozag was most pleased with you.
You were a creature of crystalline ice.
You visited 3 branches of the dungeon, and saw 11 of its levels.

You collected 1341 gold pieces.
You paid 109 gold pieces to Gozag.

Inventory:

Hand Weapons
 v - a +1 hunting sling of flaming
Missiles
 d - 55 poisoned darts (quivered)
 u - a throwing net
Magical Staves
 G - a staff of conjuration
Jewellery
 h - a +4 ring of evasion (left front paw)
Wands
 w - a wand of mindburst (5)
 y - a wand of polymorph (11)
 E - a wand of digging (6)
 F - a wand of acid (7)
Scrolls
 a - 3 scrolls of fog
 b - a scroll of magic mapping
 f - a scroll of vulnerability {unknown}
 g - a scroll of blinking
 i - a scroll of brand weapon {unknown}
 j - 2 scrolls of fear {unknown}
 k - a scroll of enchant armour {unknown}
 l - a scroll of silence {unknown}
 p - 2 scrolls of summoning {unknown}
 q - a scroll of torment {unknown}
 r - 2 scrolls of acquirement {unknown}
 x - 2 scrolls of amnesia {unknown}
 z - a scroll of enchant weapon {unknown}
 C - 3 scrolls of identify
Potions
 c - 2 potions of brilliance
 e - 3 potions of haste
 m - 3 potions of flight {unknown}
 n - a potion of mutation {unknown}
 o - 2 potions of might
 s - 2 potions of attraction
 t - 2 potions of cancellation {unknown}
 A - a potion of ambrosia {unknown}
 B - a potion of magic {unknown}
 D - a potion of heal wounds {unknown}


   Skills:
 + Level 3.4 Fighting
 + Level 0.7 Throwing
 + Level 6.3 Dodging
 + Level 10.8 Unarmed Combat
 * Level 6.2 Spellcasting
 * Level 6.2 Transmutations
 + Level 3.6 Ice Magic
 + Level 5.9 Poison Magic
 + Level 1.0 Evocations


You had 14 spell levels left.
You knew the following spells:

 Your Spells              Type           Power      Damage    Failure   Level
a - Beastly Appendage     Tmut           58%        N/A       1%          1
b - Spider Form           Tmut/Pois      14%        N/A       2%          3
c - Ice Form              Ice/Tmut       24%        N/A       14%         4

Your spell library contained the following spells:

 Spells                   Type           Power      Damage    Failure   Level
 Wereblood                Tmut           29%        N/A       1%          2
 Animate Skeleton         Necr           10%        N/A       11%         1
 Pain                     Necr           20%        1d5       11%         1
 Dazzling Flash           Conj/Hex       10%        N/A       32%         3
 Gell's Gravitas          Tloc           2%         N/A       32%         3
 Teleport Other           Tloc           5%         N/A       32%         3
 Vampiric Draining        Necr           2%         2d6       32%         3
 Agony                    Necr           5%         N/A       97%         5
 Silence                  Hex/Air        2%         N/A       97%         5
 Dispersal                Tloc           2%         N/A       100%        6


Dungeon Overview and Level Annotations

Branches:
Dungeon (9/15)             Temple (1/1) D:5            Lair (1/6) D:9
    Orc (0/2) D:9

Altars:
Ashenzari
Cheibriados
Elyvilon
Fedhas
Gozag
Hepliaklqana
Kikubaaqudgha
Makhleb
Nemelex Xobeh
Okawaru
Qazlal
Ru
Sif Muna
Trog
Uskayaw
Vehumet
Wu Jian
Xom
Yredelemnul
Zin
The Shining One
Lugonu

Shops:
D:5 (

Annotations:
D:7 exclusion: phantom, Harold
D:8 exclusion: downstairs
Lair:1 Gastronok


Innate Abilities, Weirdness & Mutations

You are a creature of crystalline ice.
You have a powerful freezing melee attack.
Your maximum health is increased.
Your armour is entirely melded.
You are incapable of wielding weapons or throwing items.
You cannot wear most types of armour.
You are amphibious.
You can wear up to eight rings at the same time.
((Your skin changes colour to match your surroundings (Stealth+).))
((Your rubbery body absorbs attacks. (AC +1, EV +1)))
((You are camouflaged near water. (Stealth+)))
((You have tentacles for arms and can constrict up to eight enemies at once.))
You sometimes lose the ability to read scrolls when taking damage.


Message History

The seven-headed hydra barely misses you.
The seven-headed hydra completely misses you.
The seven-headed hydra barely misses you.
The seven-headed hydra bites you! The seven-headed hydra bites you.
The seven-headed hydra bites you but does no damage.
The seven-headed hydra bites you!
You feel threatened and lose the ability to read scrolls!
The seven-headed hydra bites you! x2
The seven-headed hydra bites you but does no damage.
The seven-headed hydra bites you. x2
The seven-headed hydra completely misses you.
There is a staircase back to the Dungeon here.
A komodo dragon comes into view.
Found three items.
The komodo dragon hisses angrily.
Found 7 boomerangs and a pair of gloves.
Found 28 gold pieces.
Found 30 sling bullets and 20 stones.
The komodo dragon closely misses you.
Your magical contamination has completely faded away.
Found a whip.
Found a dagger.
You see here a scroll labelled POONNU VOMUGGE.
Found 16 stones.
A yak comes into view.
The yak bellows!
A yak comes into view.
The yak moves out of view.
A yak comes into view.
A yak comes into view.
You can read scrolls again.
The yak bellows!
The seven-headed hydra bites you!
You feel threatened and lose the ability to read scrolls!
* * * LOW HITPOINT WARNING * * *
The seven-headed hydra bites you!
* * * LOW HITPOINT WARNING * * *
The seven-headed hydra misses you. The seven-headed hydra bites you!
You die...
Your body crumbles into a pile of gold.

..#
#...#+.#?##.#...(.
..##
#.................
.$.#
#.....####......#
..## #.$..##
#....)..# ..#
....# ##......#
..# ... ##......#
#.# . #.l.....#
#.P# #.D.....#
#$## ##.Y....# #..
#......... #..
#..Y...... ...
#YY.......
...Y......
...........
...........
............ $


You could see a seven-headed hydra, a komodo dragon and 4 yaks.

Vanquished Creatures
  A two-headed ogre (D:8)
  A kobold demonologist (D:9)
  A hornet (D:8)
  Eustachio (D:4)
  2 wyverns (D:9)
  22 yaks
  A steam dragon (D:8)
  A water moccasin (D:6)
  3 orc warriors
  2 ice beasts
  3 sky beasts
  A necrophage (D:4)
  2 ogres (D:5)
  A centaur (D:7)
  2 bullfrogs (D:7)
  A gnoll sergeant (D:6)
  2 scorpions (D:7)
  3 wights (D:9)
  2 howler monkeys
  A bullfrog zombie (D:6)
  2 centaur zombies
  2 hounds
  3 jellies
  2 orc priests
  A centaur skeleton (D:7)
  2 iguanas (D:7)
  5 orc wizards
  3 gnolls (D:6)
  4 adders
  A white imp (D:7)
  An ufetubus (D:4)
  An adder skeleton (D:4)
  4 worms
  2 dart slugs
  14 orcs
  5 bats
  6 endoplasms
  3 giant cockroaches (D:1)
  5 hobgoblins
  6 jackals
  9 kobolds
  A quokka (D:1)
  3 ball pythons
  6 goblins
  7 rats
151 creatures vanquished.

Notes
Turn   | Place    | Note
-------+----------+-------------------------------------------
     0 | D:1      | H0rd4k the Octopode Transmuter began the quest for the Orb.
     0 | D:1      | Reached XP level 1. HP: 13/13 MP: 3/3
   293 | D:1      | Reached XP level 2. HP: 10/18 MP: 5/5
  1046 | D:1      | Found a faded altar of an unknown god.
  1366 | D:2      | Reached XP level 3. HP: 12/23 MP: 6/6
  2237 | D:2      | Reached skill level 4 in Unarmed Combat
  2294 | D:2      | Learned a level 3 spell: Spider Form
  2738 | D:3      | You fall into a shaft and drop 2 floors!
  2738 | D:5      | Entered Level 5 of the Dungeon
  2753 | D:5      | Reached XP level 4. HP: 27/28 MP: 7/7
  2759 | D:5      | Noticed an orc warrior
  2773 | D:5      | Killed an orc warrior
  2774 | D:5      | Reached skill level 1 in Poison Magic
  2774 | D:5      | Reached XP level 5. HP: 29/33 MP: 5/8
  2887 | D:5      | Found Daiff's Antique Weapon Shoppe.
  2917 | D:5      | Noticed a sky beast
  2927 | D:5      | Reached skill level 5 in Unarmed Combat
  2927 | D:5      | Reached XP level 6. HP: 36/38 MP: 6/9
  2935 | D:5      | Killed a sky beast
  3130 | D:5      | Found a staircase to the Ecumenical Temple.
  3135 | Temple   | Entered the Ecumenical Temple
  3310 | D:5      | Noticed a necrophage
  3329 | D:5      | Reached XP level 7. HP: 38/43 MP: 5/11
  3458 | D:5      | Reached skill level 6 in Unarmed Combat
  3869 | D:4      | Learned a level 4 spell: Ice Form
  3954 | D:4      | Identified the +1 ring mail "Qoowuem" {+Blink rF+ Int+3}
  4028 | D:4      | Noticed Eustachio
  4047 | D:4      | Killed Eustachio
  4048 | D:4      | Reached skill level 1 in Ice Magic
  4127 | D:4      | Identified the +0 robe of the Tuna {Int+2}
  4207 | D:4      | Found a glowing silver altar of Zin.
  4425 | D:4      | Found a hazy altar of Hepliaklqana.
  4584 | D:4      | Reached XP level 8. HP: 40/49 MP: 10/13
  4881 | D:3      | Found a stormy altar of Qazlal.
  5005 | D:3      | Found an opulent altar of Gozag.
  5018 | D:3      | Became a worshipper of Gozag Ym Sagoz the Greedy
  5193 | D:3      | Found a white marble altar of Elyvilon.
  5193 | D:3      | Found a blossoming altar of Fedhas.
  5201 | D:3      | Found a glowing golden altar of the Shining One.
  5203 | D:3      | Found a radiant altar of Vehumet.
  5205 | D:3      | Found a sacrificial altar of Ru.
  6315 | D:6      | Reached skill level 7 in Unarmed Combat
  6386 | D:6      | Found a snail-covered altar of Cheibriados.
  7036 | D:7      | Found an iron altar of Okawaru.
  7039 | D:7      | Found a sparkling altar of Nemelex Xobeh.
  7042 | D:7      | Found a bloodstained altar of Trog.
  7045 | D:7      | Found an ancient bone altar of Kikubaaqudgha.
  7237 | D:7      | Reached XP level 9. HP: 45/54 MP: 11/14
  7544 | D:7      | Noticed Harold
  7587 | D:7      | Reached skill level 8 in Unarmed Combat
  9333 | D:8      | Found an ornate altar of the Wu Jian Council.
  9429 | D:8      | Reached skill level 5 in Dodging
  9705 | D:9      | Noticed a kobold demonologist
  9731 | D:8      | Reached skill level 9 in Unarmed Combat
 10033 | D:8      | Noticed a hornet
 10044 | D:8      | Killed a hornet
 10045 | D:8      | Reached XP level 10. HP: 6/61 MP: 14/17
 10475 | D:8      | Noticed a two-headed ogre
 10480 | D:8      | Killed a two-headed ogre
 10481 | D:8      | Reached skill level 5 in Spellcasting
 10481 | D:8      | Reached skill level 5 in Transmutations
 10481 | D:8      | Reached skill level 5 in Poison Magic
 11241 | D:9      | Reached skill level 10 in Unarmed Combat
 11241 | D:9      | Reached skill level 1 in Evocations
 12260 | D:9      | Found a staircase to the Lair.
 12308 | D:9      | Killed a kobold demonologist
 12364 | D:9      | Found a staircase to the Orcish Mines.
 12685 | D:9      | Reached XP level 11. HP: 62/67 MP: 18/20
 13112 | Lair:1   | Entered Level 1 of the Lair of Beasts
 13112 | Lair:1   | Noticed a seven-headed hydra
 13126 | Lair:1   | Noticed Gastronok
 13374 | D:9      | Gained mutation: You sometimes lose the ability to read
                  | scrolls when taking damage. [mutagenic glow]
 13456 | Lair:1   | Slain by a seven-headed hydra

Illustrated notes

Levels and vault maps discovered:
D:1:      wander_arrival_lonely_grave, layout_basic,
          ebering_ecumenical_altar_abandoned
D:2:      layout_basic
D:3:      layout_loops_ring, mainiacjoe_overflow_six_doors_small,
          chequers_temple_overflow_minitemple,
          mainiacjoe_overflow_concentric_impassable
D:4:      layout_basic, mainiacjoe_overflow_small_starburst,
          nzn_hepliaklqana_mist_gate, uniq_eustachio
D:5:      layout_rooms, temple_doors_e, serial_shops, nicolae_diamond_shop,
          lightli_corner_chamber
D:6:      layout_basic, slow_altar_1
D:7:      kennysheep_spiral_hall, layout_layer_cave,
          grunt_temple_overflow_cloverleaf, uniq_harold
D:8:      layout_basic, kennysheep_mini
D:9:      layout_long_grid, lair_entry_dummy, orc_0_dummy
Temple:   corrupted_temple
Lair:1:   beast_lair_carwin_large_2, layout_chaotic_city, st_stairs_13,
          minmay_stone_trees_small, chequers_serial_rivers_micro_e,
          minivault_26, uniq_gastronok, uniq_urug, uniq_sonja, uniq_maggie

Skill      XL: |  1  2  3  4  5  6  7  8  9 10 |
---------------+-------------------------------+-----
Unarmed Combat | 4 5 6 7 9 10 | 10.8
Poison Magic   | 1 2 3 4 5 |  5.9
Dodging        | 3 4 5 6 |  6.3
Spellcasting   | 3 4 6 |  6.2
Ice Magic      | 1 3 |  3.6
Transmutations | 3 4 6 |  6.2
Fighting       | 2 3 |  3.4
Evocations     | 1 |  1.0
Throwing       | |  0.7

Action                   |  1- 3 |  4- 6 |  7- 9 | 10-12 || total
-------------------------+-------+-------+-------+-------++-------
Melee: Unarmed           |   107 |    40 |   273 |   141 ||   561
       Constrict         |    22 |     1 |    13 |       ||    36
       Tentacles         |    18 |     2 |    11 |       ||    31
       Punch             |     1 |     1 |       |       ||     2
Throw: Dart              |     3 |       |       |       ||     3
 Cast: Spider Form       |       |     7 |    40 |    12 ||    59
       Ice Form          |       |       |       |     1 ||     1
Evoke: Wand              |       |       |       |     4 ||     4
  Use: Potion            |       |       |     3 |     1 ||     4
       Scroll            |       |       |     5 |     4 ||     9
 Stab: Sleeping          |     5 |       |     8 |       ||    13
       Distracted        |       |       |     1 |     2 ||     3
Armor: Skin              |    15 |     1 |     9 |     7 ||    32
Dodge: Dodged            |    59 |    24 |   217 |   135 ||   435
